 Dungeon Crawl Stone Soup version 0.29.1-2-gbd0b4ee654 (webtiles) character file.

Game seed: 17981475347925088820

2740 TunaCannon the Basher (level 9, -2/70 HPs)
             Began as a Minotaur Berserker on Nov 20, 2022.
             Was a High Priest of Trog.
             Slain by an orc warrior
             ... wielding a +0 glaive
              (16 damage)
             ... in a bailey.
             The game lasted 00:27:19 (5640 turns).

TunaCannon the Basher (Minotaur Berserker)          Turns: 5640, Time: 00:27:21

Health: -2/70      AC: 12    Str: 26    XL:     9   Next: 40%
Magic:  8/8        EV: 12    Int:  4    God:    Trog [*****.]
Gold:   404        SH:  0    Dex: 10    Spells: 8/8 levels left

rFire   + . .      SeeInvis .   y - +1 dire flail (protect)
rCold   . . .      Faith    .   (shield currently unavailable)
rNeg    . . .      Spirit   .   b - +0 animal skin
rPois   .          Reflect  .   J - +2 hat
rElec   .          Harm     .   (no cloak)
rCorr   +          Rampage  .   x - +0 pair of gloves
Will    .....                   (no boots)
Stlth   +.........              k - amulet of regeneration
HPRegen 1.01/turn               e - ring of protection from fire
MPRegen 0.11/turn               q - ring of resist corrosion

@: under a protective aura
A: horns 2, retaliatory headbutt
a: Renounce Religion, Berserk, Trog's Hand, Brothers in Arms


You were in a bailey.
You worshipped Trog.
Trog was extremely pleased with you.
You visited 2 branches of the dungeon, and saw 8 of its levels.
You also visited: Sewer and Bailey.

You collected 404 gold pieces.

Inventory:

Hand Weapons
 a - a +0 hand axe
 f - a +1 short sword of draining
 v - a +0 hand axe
 y - a +1 dire flail of protection (weapon)
 L - a +3 dagger
Missiles
 B - a throwing net (quivered)
Armour
 b - a +0 animal skin (worn)
 w - a +0 kite shield
 x - a +0 pair of gloves (worn)
 A - a +2 ring mail of poison resistance
 J - a +2 hat (worn)
 M - a +3 ring mail
Jewellery
 e - a ring of protection from fire (left hand)
 k - an amulet of regeneration (around neck)
 q - a ring of resist corrosion (right hand)
Wands
 u - a wand of polymorph (3)
Scrolls
 d - 2 scrolls of immolation {unknown}
 h - 3 scrolls of teleportation {unknown}
 i - a scroll of poison {unknown}
 j - a scroll of enchant armour {unknown}
 n - a scroll of fear {unknown}
 s - 3 scrolls of vulnerability {unknown}
 t - a scroll of magic mapping {unknown}
 D - 4 scrolls of identify {unknown}
 I - a scroll of enchant weapon {unknown}
 K - a scroll of brand weapon {unknown}
Potions
 c - a potion of might
 g - 2 potions of curing {unknown}
 l - a potion of haste {unknown}
 m - 2 potions of ambrosia {unknown}
 o - 3 potions of cancellation {unknown}
 p - a potion of heal wounds {unknown}
 r - 2 potions of mutation {unknown}
 z - a potion of degeneration {unknown}
 C - a potion of lignification {unknown}
 E - 4 potions of resistance {unknown}
 F - a potion of invisibility {unknown}
 G - a potion of magic {unknown}
 H - 2 potions of attraction {unknown}


   Skills:
 - Level 3.6 Fighting
 - Level 10.1(12.6) Axes
 + Level 12.1(13.6) Maces & Flails
 - Level 2.4 Armour
 - Level 2.1 Dodging
 - Level 0.3 Stealth


You had 8 spell levels left.
You didn't know any spells.
Your spell library contained the following spells:

 Spells                   Type           Power      Damage    Failure   Level
 Malign Gateway           Summ/Tloc      0%         N/A       100%        7
 Summon Horrible Things   Summ           0%         N/A       100%        8


Dungeon Overview and Level Annotations

Branches:
Dungeon (7/15)             Temple (1/1) D:4           Sewer (visited)
 Bailey (1/1)

Altars:
Ashenzari
Elyvilon
Gozag
Hepliaklqana
Kikubaaqudgha
Makhleb
Nemelex Xobeh
Okawaru
Qazlal
Sif Muna
Trog
Uskayaw
Vehumet
Wu Jian
The Shining One


Innate Abilities, Weirdness & Mutations

You have a pair of horns on your head.
You reflexively headbutt those who attack you in melee.


Message History

You hit the orc but do no damage.
Your weapon exudes an aura of protection.
You puncture the orc!
You kill the orc!
Trog accepts your kill.
The orc warrior hits you but does no damage.
An orc comes into view. It is wielding a +0 halberd.
The orc shouts!
Things that are here:
a +0 halberd; a +0 ring mail The orc warrior misses you.
The orc warrior attacks as you move away!
The orc warrior hits you with a +0 glaive! x2
The orc hits you but does no damage.
The orc warrior hits you from afar with a +0 glaive.
The orc misses you. The orc warrior closely misses you. x2
The orc warrior attacks as you move away!
The orc warrior closely misses you. You furiously retaliate!
You headbutt the orc warrior.
The orc warrior hits you from afar with a +0 trident!
The orc warrior hits you with a +0 glaive.
Things that are here:
a +0 halberd; a +0 ring mail You barely miss the orc warrior.
The orc warrior closely misses you. x2
The orc warrior completely misses you.
You puncture the orc warrior!
Your weapon exudes an aura of protection.
The orc warrior is heavily wounded.
You barely miss the orc warrior.
The orc warrior is heavily wounded.
The orc warrior hits you with a +0 glaive!
The orc warrior closely misses you. x2
You closely miss the orc warrior.
The orc warrior is heavily wounded.
The orc warrior hits you from afar with a +0 glaive!
* * * LOW HITPOINT WARNING * * *
The orc warrior closely misses you.
The orc warrior hits you with a +0 glaive!
You die...

#...##....≈≈≈≈≈≈≈≈≈
#...#.⌠.≈≈≈.......≈
#...#..≈≈))≈≈≈≈≈≈≈.
#..⌠#.≈≈)≈≈≈.....≈≈
#..##c≈)≈≈.)≈≈≈≈≈..
#..#.≈≈)≈.≈≈≈...≈≈≈
+..#o≈.≈≈.≈..⌠.⌠..≈
+..#o≈....≈..∩∩∩...
+o@#.≈.≈≈.≈..⌠.⌠..≈
#..#.≈≈.≈.≈≈≈...≈≈≈
#oo##.≈.≈≈..≈≈≈≈≈..
#ooo#.≈≈.≈≈≈.....≈≈
#...#..≈≈..≈≈≈≈≈≈≈.
#...#.⌠.≈≈≈.......≈
#...##....≈≈≈≈≈≈≈≈≈
#.... ###.........
#.... ###


You could see 3 orc warriors and 3 orcs.

Vanquished Creatures
  Grinder (D:5)
  Sigmund (D:4)
  A wyvern (D:7)
  Edmund (D:4)
  2 water moccasins (D:6)
  An ice beast (D:6)
  An orc warrior (Bailey)
  A black bear (D:5)
  3 ogres
  2 centaurs (Bailey)
  A phantom (D:6)
  A kobold brigand (D:7)
  3 scorpions
  8 jellies
  3 hounds (D:5)
  2 orc priests
  A gnoll bouda (D:7)
  2 iguanas
  Natasha (thrice) (D:3)
  An orc wizard (D:5)
  4 gnolls
  A river rat (D:4)
  7 adders
  A shadow imp (D:6)
  A white imp (D:4)
  2 ufetubi (D:5)
  A worm (D:5)
  2 dart slugs
  28 orcs
  12 ball pythons
  13 endoplasms
  10 giant cockroaches
  13 hobgoblins
  12 jackals
  10 kobolds
  2 quokkas (D:4)
  10 bats
  10 frilled lizards
  21 goblins
  17 rats
216 creatures vanquished.

Vanquished Creatures (others)
  An orc (Bailey)
1 creature vanquished.

Grand Total: 217 creatures vanquished

Notes
Turn   | Place    | Note
-------+----------+-------------------------------------------
     0 | D:1      | TunaCannon the Minotaur Berserker began the quest for the
                  | Orb.
     0 | D:1      | Reached XP level 1. HP: 19/19 MP: 0/0
   376 | D:1      | Reached XP level 2. HP: 24/26 MP: 1/1
   789 | D:1      | Reached ** piety under Trog
   791 | D:1      | Reached skill level 5 in Axes
  1034 | D:1      | Reached XP level 3. HP: 31/31 MP: 2/2
  1537 | D:2      | Reached XP level 4. HP: 39/39 MP: 3/3
  2016 | D:3      | Found a hide-covered altar of Uskayaw.
  2021 | D:3      | Reached *** piety under Trog
  2214 | D:3      | Reached XP level 5. HP: 18/45 MP: 4/4
  2301 | D:3      | Found an opulent altar of Gozag.
  2378 | D:3      | Noticed Natasha
  2385 | D:3      | Killed Natasha
  2579 | D:3      | Noticed Natasha
  2613 | D:3      | Killed Natasha
  2651 | D:3      | Noticed Natasha
  2659 | D:3      | Killed Natasha
  2838 | D:4      | Noticed Sigmund
  2849 | D:4      | Killed Sigmund
  2850 | D:4      | Reached XP level 6. HP: 42/51 MP: 5/5
  3029 | D:4      | Noticed Edmund
  3044 | D:4      | Killed Edmund
  3045 | D:4      | Reached skill level 10 in Axes
  3045 | D:4      | Reached XP level 7. HP: 57/57 MP: 6/6
  3182 | D:4      | Found an ancient bone altar of Kikubaaqudgha.
  3182 | D:4      | Found a stormy altar of Qazlal.
  3306 | D:4      | Found a glowing drain.
  3322 | D:4      | Reached skill level 1 in Maces & Flails
  3336 | Sewer    | Entered a sewer
  3354 | Sewer    | Reached **** piety under Trog
  3486 | Sewer    | Reached skill level 2 in Maces & Flails
  3498 | Sewer    | Found a viscous altar of Jiyva.
  3531 | Sewer    | Reached skill level 3 in Maces & Flails
  3716 | D:4      | Reached skill level 4 in Maces & Flails
  3734 | D:4      | Found a staircase to the Ecumenical Temple.
  3761 | Temple   | Entered the Ecumenical Temple
  3924 | D:5      | Entered Level 5 of the Dungeon
  3924 | D:5      | Noticed Grinder
  3935 | D:5      | Killed Grinder
  3936 | D:5      | Reached skill level 6 in Maces & Flails
  3936 | D:5      | Reached XP level 8. HP: 64/64 MP: 7/7
  4035 | D:5      | Found a burning altar of Makhleb.
  4100 | D:5      | Found a sparkling altar of Nemelex Xobeh.
  4162 | D:5      | Reached skill level 7 in Maces & Flails
  4394 | D:5      | Reached skill level 8 in Maces & Flails
  4747 | D:6      | Reached ***** piety under Trog
  4784 | D:6      | Reached skill level 9 in Maces & Flails
  4892 | D:6      | Reached skill level 10 in Maces & Flails
  4945 | D:6      | Reached XP level 9. HP: 70/70 MP: 8/8
  5241 | D:7      | Reached skill level 11 in Maces & Flails
  5374 | D:7      | Found a flagged portal.
  5413 | Bailey   | Entered a bailey
  5592 | Bailey   | Reached skill level 12 in Maces & Flails
  5640 | Bailey   | Slain by an orc warrior

Illustrated notes

Levels and vault maps discovered:
D:1:      mainiacjoe_arrival_reflecting_pool, layout_loops_ring, serial_glass,
          glass_columns_b, glass_columns_b, hangedman_decor_diamond_cutter,
          chequers_serial_rivers_large_b, minmay_tripent
D:2:      layout_basic
D:3:      layout_loops_ring, lemuel_coloured_pillars_altar,
          grunt_gozag_breadcrumbs, kennysheep_cluttered_room,
          serial_park_tiny_2, uniq_natasha
D:4:      layout_cave_pools, gammafunk_temple_overflow_elements, temple_statues,
          portal_sewer_entry_e, wad_floor_pattern_1, minmay_ogre_servants,
          uniq_sigmund, uniq_edmund
D:5:      layout_loops_cross, makhleb_blood_cavern_becter,
          mainiacjoe_overflow_paths, sigmund_army, uniq_grinder
D:6:      layout_basic
D:7:      layout_layer_cave, enter_bailey_5, gammafunk_ghost_grave
Temple:   hellmonk_temple_forest_ring
Bailey:   bailey_polearm_flooded_kennysheep, bailey

Skill      XL: |  1  2  3  4  5  6  7  8  9 |
---------------+----------------------------+-----
Axes           | 4 5 6 8 10 | 10.1
Maces & Flails | 6 10 12 | 12.1
Fighting       | |  3.6
Armour         | |  2.4
Dodging        | |  2.1
Stealth        | |  0.3

Action                   |  1- 3 |  4- 6 |  7- 9 || total
-------------------------+-------+-------+-------++-------
Melee: Hand axe          |    91 |   146 |       ||   237
       Headbutt          |     8 |    26 |    44 ||    78
       Unarmed           |       |     1 |       ||     1
       Dire flail        |       |       |   306 ||   306
Throw: Throwing net      |       |     1 |       ||     1
Invok: Berserk           |       |     4 |     2 ||     6
  Use: Potion            |       |     1 |       ||     1
Armor: Animal skin       |    32 |    20 |   113 ||   165
       Skin              |       |     6 |       ||     6
Dodge: Dodged            |    95 |    67 |   260 ||   422
Block: Kite shield       |       |    11 |       ||    11
